 Dungeon Crawl Stone Soup version 0.30-a0-778-g2ef04afb54 (console) character file.

Game seed: 17125820424342573369

702 rlgrobin the Cleaver (level 8, -1/63 HPs)
             Began as a Meteoran Fighter on Feb 17, 2023.
             Slain by a gnoll sergeant
             ... wielding a +4 heavy trident
              (9 damage)
             ... on level 6 of the Dungeon.
             The game lasted 00:02:26 (431 turns).

rlgrobin the Cleaver (Meteoran Fighter)              Turns: 431, Time: 00:02:26

Health: -1/63      AC:  7    Str: 20    XL:     8   Next: 19%
Magic:  9/9        EV:  9    Int: 10    God:
Gold:   44         SH:  5    Dex: 13    Spells: 7/7 levels left

rFire   . . .      SeeInvis +    a - +0 war axe
rCold   . . .      Faith    .    c - +0 buckler
rNeg    . . .      Spirit   .    b - +1 scale mail
rPois   .          Reflect  .    (no helmet)
rElec   .          Harm     .    (no cloak)
rCorr   .          Rampage  .    (no gloves)
Will    +....                    (no boots) Stlth
                                 (no amulet)
HPRegen 0.30/turn                j - ring of see invisible
MPRegen 0.11/turn                (no ring)

@: glowing
A: sense surroundings 1, otherworldly, glowing, explore regen
a: no special abilities


You were on level 6 of the Dungeon.
You visited 1 branch of the dungeon, and saw 6 of its levels.

You collected 44 gold pieces.

Inventory:

Hand Weapons
 a - a +0 war axe (weapon)
Armour
 b - a +1 scale mail (worn)
 c - a +0 buckler (worn)
Jewellery
 j - a ring of see invisible (left hand)
Wands
 d - a wand of mindburst (3)
 k - a wand of light (10)
Potions
 e - 2 potions of curing {unknown}
 g - a potion of lignification {unknown}
 h - a potion of degeneration {unknown}


   Skills:
 + Level 3.4 Fighting
 - Level 10.0 Axes
 - Level 3.6 Armour
 - Level 3.6 Shields
 + Level 0.6 Evocations


You had 7 spell levels left.
You didn't know any spells.
Your spell library was empty.

Dungeon Overview and Level Annotations

Branches:
Dungeon (6/15) Zot: 3149
 Temple: D:4-7

Altars:


Innate Abilities, Weirdness & Mutations

You passively map a small area around you.
You are easily found by Zot.
You glow in the dark.
You regain HP and MP as you explore.


Message History

The gnoll hits you with a +0 spear.
Things that are here:
a +0 flail; a gnoll corpse The gnoll hits you but does no damage. x2
You completely miss the gnoll.
The gnoll hits you from afar with a +0 spear.
The gnoll hits you with a +0 club.
You slash the gnoll!
The gnoll is almost dead.
The gnoll barely misses you.
You hit the gnoll.
You kill the gnoll!
Things that are here:
a +0 club; a murky yellow potion The gnoll hits you from afar with a +0 spear.
The gnoll sergeant hits you with a +4 heavy trident!
You closely miss the gnoll sergeant. The gnoll hits you but does no damage.
You closely miss the gnoll sergeant.
The gnoll sergeant hits you with a +4 heavy trident!!
You block the gnoll's attack.
You slash the gnoll sergeant!
The gnoll sergeant is moderately wounded.
You block the gnoll's attack.
The gnoll sergeant hits you with a +4 heavy trident!
* * * LOW HITPOINT WARNING * * *
You slash the gnoll sergeant!
The gnoll sergeant is severely wounded.
The gnoll hits you from afar with a +0 spear.
* * * LOW HITPOINT WARNING * * *
You hit the gnoll sergeant but do no damage.
The gnoll sergeant is severely wounded.
The gnoll sergeant hits you with a +4 heavy trident.
* * * LOW HITPOINT WARNING * * *
The gnoll hits you from afar with a +0 spear.
* * * LOW HITPOINT WARNING * * *
You barely miss the gnoll sergeant.
The gnoll sergeant is severely wounded.
The gnoll barely misses you.
The gnoll sergeant hits you with a +4 heavy trident!
You die...

,, .... , *
#.#. ### *
#.#.#####.....
#.#.....g.g...
*,
#.#..#########
, #.#.g# * ,
#.#..# **
#)#gg# * , ,
*, #@#.g## ,,
, ,, #g#...#
**
,#######g##..#
#......gg...#
#.#####.##.##
* ,#.#
#....<#,
#.###########
*
,#.......###.#
#######.#...#


You could see a gnoll sergeant and 3 gnolls.

Vanquished Creatures
  Pikel (D:4)
  Eustachio (D:5)
  An orc priest (D:4)
  Natasha (D:1)
  2 orc wizards
  2 gnolls (D:6)
  An adder (D:2)
  An ufetubus (D:6)
  5 orcs
  2 endoplasms
17 creatures vanquished.

Notes
Turn   | Place    | Note
-------+----------+-------------------------------------------
     0 | D:1      | rlgrobin the Meteoran Fighter began the quest for the Orb.
     0 | D:1      | Reached XP level 1. HP: 19/19 MP: 2/2
    38 | D:2      | Noticed Natasha
    50 | D:1      | Killed Natasha
    51 | D:1      | Reached skill level 4 in Axes
    51 | D:1      | Reached XP level 2. HP: 10/26 MP: 3/3
    51 | D:1      | Reached XP level 3. HP: 12/31 MP: 4/4
   148 | D:4      | Reached skill level 5 in Axes
   148 | D:4      | Reached XP level 4. HP: 38/38 MP: 5/5
   178 | D:4      | Reached XP level 5. HP: 18/45 MP: 6/6
   196 | D:4      | Noticed Pikel
   196 | D:4      | Noticed a lemure
   196 | D:4      | Noticed a lemure
   197 | D:4      | Noticed a lemure
   201 | D:4      | Noticed a lemure
   210 | D:4      | Killed Pikel
   211 | D:4      | Reached skill level 9 in Axes
   211 | D:4      | Reached XP level 6. HP: 5/51 MP: 7/7
   211 | D:4      | Reached XP level 7. HP: 5/57 MP: 8/8
   241 | D:5      | Entered Level 5 of the Dungeon
   267 | D:5      | Noticed Eustachio
   286 | D:5      | Killed Eustachio
   287 | D:5      | Reached skill level 10 in Axes
   287 | D:5      | Reached XP level 8. HP: 23/63 MP: 9/9
   404 | D:6      | Identified the +3 leather armour of Articulation {Will+
                  | Dex+3}
   431 | D:6      | Slain by a gnoll sergeant

Illustrated notes

Levels and vault maps discovered:
D:1:      lightli_arrival_farm, layout_basic,
          dreamdust_ecumenical_altar_drowned_temple, minmay_vboxes
D:2:      layout_loops_ring, uniq_natasha
D:3:      layout_basic, chequers_serial_rivers_small_a
D:4:      layout_basic, uniq_pikel
D:5:      layout_basic, minitemple, uniq_eustachio
D:6:      layout_basic, enter_ossuary_2, bh_walls_and_bars, uniq_blork_the_orc

Skill      XL: |  1  2  3  4  5  6  7 |
---------------+----------------------+-----
Axes           | 4 5 9 10 | 10.0
Fighting       | |  3.4
Armour         | |  3.6
Shields        | |  3.6
Evocations     | |  0.6

Action                     |  1- 3 |  4- 6 |  7- 9 || total
---------------------------+-------+-------+-------++-------
  Melee: War axe           |    20 |    34 |    36 ||    90
  Evoke: Wand              |       |       |     7 ||     7
    Use: Potion            |       |     1 |       ||     1
         Scroll            |       |       |     2 ||     2
 Armour: Scale mail        |     7 |    18 |    13 ||    38
  Dodge: Dodged            |     6 |     1 |    12 ||    19
  Block: Buckler           |     8 |     3 |    12 ||    23

Table legend: (Time is in decaauts)
 A = Elapsed time spent in this place.
 B = Non-inter-level travel time spent in this place.
 C = Inter-level travel time spent in this place.
 D = Time resting spent in this place.
 E = Time spent auto-exploring this place.
 F = Levels seen in this place.
 G = Mean time per level.
                   A        B        C        D        E       F      G
               +--------+--------+--------+--------+--------+-----+--------+
         Total |    449 |    449 |      0 |      0 |      0 |   6 |   74.8 |
       Dungeon |    449 |    449 |      0 |      0 |      0 |   6 |   74.8 |
               +--------+--------+--------+--------+--------+-----+--------+

Top non-repeatable levels by time:
     D:4: 138 daAuts
     D:5: 115 daAuts
     D:6: 74 daAuts
     D:1: 63 daAuts
     D:2: 37 daAuts
     D:3: 20 daAuts
